Description

This build order in really easy to execute. He is designed for both beginners and confirmed one.

Few tips :

  • Always do your wall ! Really important in this tutorial because many player will try some adept timing
  • Try to fake a Stargate: Do your first unit then start your tech before the warpgate
  • Take your third base after the warp prism
  • Add the forge after the third base
  • The DT drop is really standard: Try to kill the third if you can then do an archon drop. In this video I did a recall because an attack was coming
  • After the DT drop, start the +1 and charge
  • Attack at around 7min15 (start the +2)
  • Try to kill the third and if you are not sure about finishing the zerg, just go back

VOD

https://youtu.be/qjLyXe04fTM

Replay - MrHase v zuka - Nightshade LE

Build Order

Get SALT Encoding   

  12  0:00  Probe  
  13  0:13  Probe  
  14  0:20  Pylon  
  14  0:25  Probe (Chrono Boost)  
  15  0:37  Probe (Chrono Boost)  
  15  0:40  Gateway  
  16  0:45  Probe  
  16  0:48  Assimilator  
  17  0:58  Probe  
  18  1:07  Pylon  
  18  1:10  Probe (Chrono Boost)  
  20  1:19  Probe (Chrono Boost)  
  20  1:28  Nexus  
  20  1:37  Cybernetics Core  
  20  1:40  Probe  
  20  1:45  Assimilator  
  21  1:52  Probe  
  22  1:56  Pylon  
  23  2:11  Adept (Chrono Boost)  
  25  2:18  Twilight Council  
  26  2:26  Warp Gate  
  27  2:35  Stalker  
  31  2:54  Robotics Facility  
  35  3:15  Gateway  
  37  3:26  Dark Shrine  
  37  3:30  Gateway  
  39  3:39  Assimilator  
  39  3:44  Gateway  
  41  3:53  Warp Prism (Chrono Boost)  
  45  4:04  Pylon  
  45  4:19  Pylon  
  45  4:26  Nexus  
  45  4:32  Forge  
  45  4:46  Dark Templar x4  
  55  5:11  Immortal  
  61  5:16  Protoss Ground Weapons Level 1 (Chrono Boost)  
  63  5:42  Gateway  
  64  5:48  Immortal (Chrono Boost)  
  66  5:52  Charge (Chrono Boost)  
  74  6:09  Dark Templar x2  
  74  6:10  Archon x3  
  79  6:11  Zealot x2  
  85  6:21  Immortal (Chrono Boost)  
  91  6:31  Gateway x3  
  90  6:40  Gateway  
  90  6:50  Dark Templar x2  
  90  6:53  Zealot x3  
  98  6:55  Archon  
  100  7:14  Zealot x3  
  106  7:33  Zealot x2  
Spawning Tool Build Advisor. Get it on Overwolf

Go to:

Details

  • Created by: zuka      
  • Published on: Mar 21, 2020
  • Patch: 4.11.0
Show
View Real Time Build Order
Export as new Build Order

Comments (1)

On April 13, 2020, 2:10 p.m., GuitarKing  said:

I think the 1:07 Pylon is optional, if you don't build the pylon, you can have everything about 3-4 seconds quicker. Most oponnents don't believe a fake cannon rush in higher MMR, but if you're low league, you can try it out, may be worth it.

Create an account to comment!